 Dungeon Crawl Stone Soup version 0.30.0-15-g856e2d3f33 (webtiles) character file.

Game seed: 15737477335240239294

64614 SnakkuSnakku7 the Brawler (level 15, -1/132 HPs)
             Began as a Ghoul Hexslinger on May 20, 2023.
             Was a Follower of Uskayaw.
             Slain by a spriggan rider
             ... wielding a +0 spear
              (18 damage)
             ... on level 5 of the Lair of Beasts.
             The game lasted 00:27:08 (15734 turns).

SnakkuSnakku7 the Brawler (Ghoul Hexslinger)       Turns: 15734, Time: 00:27:09

Health: -1/132     AC: 12    Str: 31    XL:     15   Next: 13%
Magic:  23/23      EV: 11    Int:  8    God:    Uskayaw [*.....]
Gold:   1300       SH:  4    Dex:  9    Spells: 16/16 levels left

rFire   + +          .
                       - Unarmed
rCold   + + .        f - +0 buckler
rNeg    + + +        a - +2 scale mail {rC+}
rPois   ∞            (no helmet)
rElec   .            k - scarf {repulsion}
rCorr   +            (no gloves)
SInv    .            D - +0 pair of boots
Will    +....        v - amulet of regeneration Stlth
                     B - +6 ring of strength
HPRegen 0.00/turn    x - ring "Buwkaros" {Fly rF++ rCorr Str+3}
MPRegen 0.18/turn

%: repel missiles
@: about to teleport, flying, inhibited regen
A: claws 1, cold resistance 1, negative energy resistance 3, inhibited
regeneration, torment resistance 2, devour on kill
a: Renounce Religion, Stomp


You were on level 5 of the Lair of Beasts.
You worshipped Uskayaw.
Uskayaw was pleased with you.
You visited 4 branches of the dungeon, and saw 17 of its levels.
You also visited: Sewer and Ice Cave.

You collected 1701 gold pieces.
You spent 401 gold pieces at shops.

Inventory:

Missiles
 e - a throwing net
 g - 8 curare-tipped darts (quivered)
Armour
 a - a +2 scale mail of cold resistance (worn)
 f - a +0 buckler (worn)
 k - a scarf of repulsion (worn)
 D - a +0 pair of boots (worn)
 S - a +3 scale mail
Jewellery
 i - a ring of willpower
 v - an amulet of regeneration (around neck)
 x - the ring "Buwkaros" (right claw) {Fly rF++ rCorr Str+3}
   (You found it on level 5 of the Dungeon)

   [ring of flight]

   Str:       It affects your strength (+3).
   rF:        It greatly protects you from fire.
   Fly:       It grants you flight.
   rCorr:     It protects you from acid and corrosion.
 B - a +6 ring of strength (left claw)
 U - the ring "Qunymu" {rF+ rC+ Stlth+}
   (You found it on level 3 of the Lair of Beasts)

   [ring of protection from fire]

   rF:        It protects you from fire.
   rC:        It protects you from cold.
   Stlth:     It makes you more stealthy.
Wands
 c - a wand of polymorph (12)
 r - a wand of paralysis (13)
 L - a wand of acid (20)
 N - a wand of iceblast (8)
 O - a wand of flame (35)
Scrolls
 b - 7 scrolls of poison
 d - a scroll of silence
 h - 4 scrolls of teleportation
 j - 2 scrolls of identify
 m - 2 scrolls of immolation
 p - a scroll of magic mapping
 q - 3 scrolls of enchant armour
 s - 3 scrolls of fog
 u - 4 scrolls of vulnerability
 y - 3 scrolls of torment
 G - a scroll of fear
 H - a scroll of blinking
Potions
 l - 2 potions of magic
 n - a potion of heal wounds
 t - 3 potions of cancellation
 w - 2 potions of flight
 z - 3 potions of resistance
 A - 3 potions of curing
 C - 5 potions of attraction
 I - 5 potions of haste
 K - 2 potions of brilliance
 M - 5 potions of might
 T - a potion of invisibility
Miscellaneous
 o - a tin of tremorstones (2/2)


   Skills:
 - Level 12.0 Fighting
 - Level 1.7 Ranged Weapons
 - Level 10.0 Armour
 + Level 4.9 Dodging
 - Level 3.0 Shields
 - Level 17.1 Unarmed Combat
 - Level 1.0 Spellcasting
 - Level 2.4 Hexes
 - Level 12.0 Invocations
 - Level 5.0 Evocations


You had 16 spell levels left.
You didn't know any spells.
Your spell library contained the following spells:

 Spells                   Type           Power      Damage    Failure   Level
 Slow                     Hex            16%        N/A       30%         1
 Ensorcelled Hibernation  Hex/Ice        4%         N/A       58%         2
 Apportation              Tloc           0%         N/A       63%         1
 Magic Dart               Conj           0%         1d3       63%         1
 Necrotise                Necr           0%         1d4       63%         1
 Summon Small Mammal      Summ           0%         N/A       63%         1
 Call Imp                 Summ           0%         N/A       77%         2
 Passwall                 Tmut/Erth      0%         N/A       77%         2
 Searing Ray              Conj           0%         2d4       77%         2
 Inner Flame              Hex/Fire       2%         N/A       83%         3
 Portal Projectile        Hex/Tloc       4%         N/A       83%         3
 Summon Guardian Golem    Hex/Summ       2%         N/A       83%         3
 Call Canine Familiar     Summ           0%         N/A       94%         3
 Gell's Gravitas          Tloc           0%         N/A       94%         3
 Hailstorm                Conj/Ice       0%         3d3       94%         3
 Mephitic Cloud           Conj/Pois/Air  0%         N/A       94%         3
 Swiftness                Air            0%         N/A       94%         3
 Teleport Other           Tloc           0%         N/A       94%         3
 Cause Fear               Hex            2%         N/A       97%         4
 Anguish                  Hex/Necr       1%         N/A       99%         4
 Fulminant Prism          Conj/Hex       1%         3d5       99%         4
 Leda's Liquefaction      Hex/Erth       1%         N/A       99%         4
 Animate Dead             Necr           0%         N/A       100%        4
 Borgnjor's Vile Clutch   Necr/Erth      0%         N/A       100%        5
 Summon Forest            Summ/Tloc      0%         N/A       100%        5
 Yara's Violent Unravell  Hex/Tmut       1%         3d3       100%        5
 Death Channel            Necr           0%         N/A       100%        6
 Dispersal                Tloc           0%         N/A       100%        6
 Eringya's Noxious Bog    Tmut/Pois      0%         N/A       100%        6
 Simulacrum               Ice/Necr       0%         N/A       100%        6
 Enfeeble                 Hex            2%         N/A       100%        7
 Summon Hydra             Summ           0%         N/A       100%        7
 Spider Form              Tmut/Pois      Unusable   N/A       N/A         3
 Ice Form                 Ice/Tmut       Unusable   N/A       N/A         4

Dungeon Overview and Level Annotations

Branches:
Dungeon (10/15)            Temple (1/1) D:6            Lair (5/5) D:9
  Swamp (0/4) Lair:3       Spider (0/4) Lair:2        Slime (0/5) Lair:5
    Orc (1/2) D:9           Sewer (visited)           IceCv (visited)

Altars:
Ashenzari
Cheibriados
Dithmenos
Fedhas
Gozag
Hepliaklqana
Kikubaaqudgha
Makhleb
Nemelex Xobeh
Okawaru
Qazlal
Ru
Sif Muna
Trog
Uskayaw
Vehumet
Wu Jian
Xom
Yredelemnul

Shops:
D:4 *   D:6 :[(((   D:7 :*?*:   D:9 *

Annotations:
D:7 5 transporters, Pikel


Innate Abilities, Weirdness & Mutations

You are immune to poison.
You have sharp fingernails.
Your flesh is cold resistant. (rC+)
You are immune to negative energy. (rN+++)
You do not regenerate when monsters are visible.
You are immune to unholy pain and torment.
You thrive by killing the living.


Message History

You are too injured to fight recklessly!
Unknown command.
Unknown command.
You are too injured to fight recklessly!
The spriggan attacks as you move away! The spriggan barely misses you. x2
Unknown command.
The spriggan attacks as you move away! The spriggan completely misses you.
You hear some strange, mumbled words.
The wolf bites you but does no damage.
The spriggan rider completely misses you.
The wolf bites you! The wolf attacks as you move away!
The wolf barely misses you. The wolf attacks as you move away!
The wolf bites you. x2
You block the wolf's attack.
The spriggan rider hits you from afar with a +0 spear!
* * * LOW HITPOINT WARNING * * *
The wolf attacks as you move away! The wolf bites you.
* * * LOW HITPOINT WARNING * * *
The wolf bites you but does no damage. The wolf attacks as you move away!
The wolf bites you but does no damage.
You can no longer pass through a line of other dancers.
You see here a polar bear corpse.
You block the wolf's attack. The wolf bites you but does no damage.
The spriggan rider hits you from afar with a +0 spear!!
* * * LOW HITPOINT WARNING * * *
Items here: ))) [[[[ ††.
You feel much better. The wolf bites you.
* * * LOW HITPOINT WARNING * * *
The wolf bites you.
* * * LOW HITPOINT WARNING * * *
As you read the scroll of teleportation, it crumbles to dust.
You feel strangely unstable. The wolf bites you.
* * * LOW HITPOINT WARNING * * *
The wolf barely misses you.
Unknown command.
The wolf pauses to sniff the ground.
The wolf bites you but does no damage.
The spriggan rider hits you from afar with a +0 spear!!
You die...

,,,,* ♣...♣♣♣ *♣.♣* ♣♣.♣
,,,,* ♣♣.y..♣ *..* ♣..*
,,,** ♣♣..♣♣ *♣.* ♣..*
,,,* ♣..♣♣ ♣.♣♣♣.♣* ,,,*
♣♣..♣ *♣.♣♣.♣ ,,,** ♣♣r♣♣
♣♣♣..♣.♣♣ ,,,,****
♣.†♣♣♣♣..♣....♣ *,,,,*,**
♣♣hi♣♣).♣♣♣..♣♣
*,,,,,,,***♣♣♣ih@.♣ ♣.♣♣
,,,,,,,,,,,* ♣♣♣♣♣♣ ♣.♣
,,,,,,,,,,**** ♣.♣♣
,,,,,,,,,,,*,**#♣* ♣♣.♣
,,,,,,,,,,,,*,*#.#♣♣*♣.♣♣
,,,,,,,,,,...##P....♣♣†.♣
,,,,,,....#........#.♣..♣
,,,,,......#......#.....♣
##...............###....#


You could see a spriggan rider, a spriggan and 2 wolves.

Vanquished Creatures
  Rupert (Lair:4)
  A hydra (Lair:5)
  A catoblepas (Lair:5)
  2 two-headed ogres
  3 death yaks (Lair:2)
  3 skysharks
  Amaemon (Lair:2)
  2 bog bodies (Lair:3)
  A lindwurm (Lair:5)
  A necromancer (IceCv)
  A deep elf pyromancer (D:10)
  4 elephants (Lair:4)
  An ice statue (IceCv)
  7 black mambas
  An orange demon (Lair:2)
  Maggie (D:6)
  8 cane toads
  A torpor snail (Lair:1)
  3 kobold demonologists (D:10)
  A rime drake (Lair:5)
  4 komodo dragons
  5 freezing wraiths (IceCv)
  15 ice devils
  4 hornets
  5 polar bears
  Grinder (D:6)
  13 blink frogs
  A wraith (D:10)
  4 spriggans (Lair:5)
  A dire elephant simulacrum (IceCv)
  5 wyverns
  A basilisk (Lair:3)
  57 yaks
  6 humans (D:6)
  A warg (D:9)
  A vampire mosquito (D:10)
  4 death yak simulacra (IceCv)
  2 harpy simulacra (IceCv)
  2 hydra simulacra (IceCv)
  15 water moccasins
  Pargi (D:3)
  8 orc warriors
  4 sky beasts
  12 black bears
  2 ice beasts
  3 ogres (D:5)
  26 wolves
  A boggart (Lair:5)
  2 centaurs
  4 kobold brigands
  20 bullfrogs
  4 cane toad simulacra (IceCv)
  A two-headed ogre simulacrum (IceCv)
  5 scorpions
  3 wights (D:5)
  6 elephant simulacra (IceCv)
  17 killer bees
  7 howler monkeys
  4 electric eels
  2 gnoll boudas
  8 orc priests
  3 hounds
  4 iguanas
  A sleepcap (D:5)
  14 orc wizards
  Natasha (thrice) (D:3)
  A polar bear simulacrum (IceCv)
  A troll simulacrum (IceCv)
  5 wolf simulacra (IceCv)
  A spriggan simulacrum (IceCv)
  8 gnolls
  2 naga simulacra (IceCv)
  17 adders
  A shadow imp (D:5)
  A white imp (IceCv)
  2 ufetubi
  6 worms
  4 dart slugs
  45 orcs
  7 bats
  9 endoplasms
  3 giant cockroaches
  7 hobgoblins
  4 quokkas
  13 ball pythons
  3 frilled lizards
  5 goblins
  25 kobolds
  7 rats
533 creatures vanquished.

Vanquished Creatures (others)
  A gnoll (D:7)
  4 orcs
5 creatures vanquished.

Grand Total: 538 creatures vanquished

Notes
Turn   | Place    | Note
-------+----------+-------------------------------------------
     0 | D:1      | SnakkuSnakku7 the Ghoul Hexslinger began the quest for the
                  | Orb.
     0 | D:1      | Reached XP level 1. HP: 16/16 MP: 1/1
   219 | D:1      | Reached skill level 1 in Unarmed Combat
   229 | D:1      | Reached XP level 2. HP: 23/23 MP: 2/2
   410 | D:1      | Reached skill level 1 in Shields
   709 | D:2      | Reached XP level 3. HP: 16/28 MP: 3/3
   748 | D:2      | Reached skill level 2 in Unarmed Combat
  1213 | D:2      | Reached XP level 4. HP: 25/35 MP: 4/4
  1422 | D:3      | Noticed Pargi
  1422 | D:3      | Noticed Natasha
  1521 | D:3      | Killed Natasha
  1522 | D:3      | Reached skill level 3 in Unarmed Combat
  1705 | D:3      | Reached XP level 5. HP: 39/40 MP: 5/5
  1861 | D:3      | Killed Pargi
  1862 | D:3      | Reached skill level 4 in Unarmed Combat
  2061 | D:2      | Reached XP level 6. HP: 14/47 MP: 6/6
  2318 | D:3      | Found a faded altar of an unknown god.
  2345 | D:3      | Noticed Natasha
  2356 | D:3      | Killed Natasha
  2467 | D:3      | Reached skill level 5 in Unarmed Combat
  2627 | D:3      | Noticed a water moccasin
  2644 | D:3      | Killed a water moccasin
  2734 | D:3      | Noticed Natasha
  2750 | D:3      | Killed Natasha
  2751 | D:3      | Reached XP level 7. HP: 19/57 MP: 7/7
  2984 | D:4      | Found Gugu's General Store.
  2987 | D:4      | Bought 3 curare-tipped darts for 36 gold pieces
  3173 | D:4      | HP: 2/57 [orc/+2 flail of venom (7)]
  3616 | D:4      | Reached skill level 6 in Unarmed Combat
  3955 | D:5      | Entered Level 5 of the Dungeon
  3958 | D:5      | Identified the ring "Buwkaros" {Fly rF++ rCorr Str+3}
  4044 | D:5      | Reached skill level 7 in Unarmed Combat
  4051 | D:5      | Reached XP level 8. HP: 20/66 MP: 8/8
  4146 | D:5      | Reached skill level 8 in Unarmed Combat
  4351 | D:5      | Reached skill level 9 in Unarmed Combat
  4706 | D:5      | Found a sparkling altar of Nemelex Xobeh.
  4819 | D:5      | Reached skill level 10 in Unarmed Combat
  4876 | D:6      | Found Plog's Book Shop.
  4942 | D:6      | Found a glowing drain.
  5070 | D:6      | Noticed Maggie
  5088 | D:6      | Killed Maggie
  5089 | D:6      | Reached skill level 11 in Unarmed Combat
  5089 | D:6      | Reached XP level 9. HP: 70/71 MP: 9/9
  5137 | Sewer    | Entered a sewer
  5254 | Sewer    | Reached skill level 12 in Unarmed Combat
  5352 | D:6      | Found Bumimeix's Weapon Boutique.
  5514 | D:6      | Found Votuy's Weapon Boutique.
  5537 | D:6      | Found Zira Lua's Weapon Emporium.
  5571 | D:6      | Reached skill level 13 in Unarmed Combat
  5591 | D:6      | Found an iron altar of Okawaru.
  5681 | D:6      | Noticed Grinder
  5691 | D:6      | Killed Grinder
  5692 | D:6      | Reached XP level 10. HP: 75/78 MP: 10/10
  5742 | D:6      | Found Diujor's Armour Boutique.
  5749 | D:6      | Reached skill level 14 in Unarmed Combat
  5794 | D:6      | Found a staircase to the Ecumenical Temple.
  5885 | Temple   | Entered the Ecumenical Temple
  5935 | Temple   | Became a worshipper of Uskayaw the Reveller
  6010 | D:7      | Reached * piety under Uskayaw
  6021 | D:7      | Reached ** piety under Uskayaw
  6172 | D:7      | Reached *** piety under Uskayaw
  6331 | D:7      | Found a transporter.
  6331 | D:7      | Found a transporter.
  6331 | D:7      | Noticed a gargoyle
  6332 | D:7      | Noticed a green ugly thing
  6332 | D:7      | Noticed a two-headed ogre
  6400 | D:7      | Found a transporter.
  6400 | D:7      | Found a transporter.
  6412 | D:7      | Noticed Pikel
  6425 | D:7      | Found a transporter.
  6441 | D:7      | Reached skill level 15 in Unarmed Combat
  6494 | D:7      | Found Ruetta's General Store.
  6509 | D:7      | Reached skill level 1 in Evocations
  6521 | D:7      | Found Naor's Book Shop.
  6536 | D:7      | Found Zocephes's Assorted Antiques.
  6538 | D:7      | Found Suppi's Book Emporium.
  6538 | D:7      | Found Hyrhie's Magic Scroll Shop.
  6555 | D:7      | Bought a scroll labelled QURUWI KITYSEZ for 25 gold pieces
  6562 | D:7      | Bought a scroll of fear for 40 gold pieces
  6562 | D:7      | Bought a potion of heal wounds for 50 gold pieces
  6562 | D:7      | Bought a potion of degeneration for 10 gold pieces
  6569 | D:7      | Bought 2 scrolls of teleportation for 72 gold pieces
  6569 | D:7      | Bought a scroll of fear for 48 gold pieces
  6569 | D:7      | Bought a scroll of fog for 48 gold pieces
  7324 | D:8      | Noticed a two-headed ogre
  7331 | D:8      | Killed a two-headed ogre
  7332 | D:8      | Reached skill level 5 in Evocations
  7774 | D:8      | Reached skill level 5 in Fighting
  8168 | D:9      | Reached XP level 11. HP: 74/89 MP: 11/11
  8168 | D:9      | Reached **** piety under Uskayaw
  8175 | D:9      | Reached ***** piety under Uskayaw
  8248 | D:9      | Found a staircase to the Lair.
  8250 | D:9      | Noticed a two-headed ogre
  8286 | D:9      | Killed a two-headed ogre
  8472 | D:9      | Found Jerghuaso's Assorted Antiques.
  8495 | D:9      | Bought a bubbling dark potion for 23 gold pieces
  8495 | D:9      | Bought a glowing orange potion for 23 gold pieces
  8495 | D:9      | Bought a scroll labelled QURUWI KITYSEZ for 26 gold pieces
  8558 | D:9      | Found a sacrificial altar of Ru.
  8616 | D:9      | Found a staircase to the Orcish Mines.
  9201 | D:10     | Entered Level 10 of the Dungeon
  9291 | D:10     | Reached skill level 10 in Fighting
  9624 | D:10     | Noticed a deep elf pyromancer
  9627 | D:10     | Killed a deep elf pyromancer
  9942 | Orc:1    | Entered Level 1 of the Orcish Mines
 10034 | Lair:1   | Entered Level 1 of the Lair of Beasts
 10178 | Lair:1   | Reached skill level 1 in Invocations
 10178 | Lair:1   | Reached XP level 12. HP: 68/112 MP: 12/12
 10185 | Lair:1   | Reached ****** piety under Uskayaw
 10335 | Lair:1   | Reached skill level 5 in Invocations
 11030 | Lair:2   | Reached skill level 17 in Unarmed Combat
 11030 | Lair:2   | Reached XP level 13. HP: 82/118 MP: 18/18
 11128 | Lair:2   | Found a hole to the Spider Nest.
 11482 | Lair:2   | Reached skill level 10 in Invocations
 11510 | Lair:2   | Noticed Amaemon
 11532 | Lair:2   | Killed Amaemon
 11666 | Lair:2   | Reached XP level 14. HP: 123/126 MP: 21/21
 12154 | Lair:3   | Found a staircase to the Swamp.
 12178 | Lair:3   | Reached skill level 1 in Armour
 12677 | Lair:3   | Identified the ring "Qunymu" {rF+ rC+ Stlth+}
 12969 | Lair:4   | Identified a scroll of acquirement
 12969 | Lair:4   | Acquired 777 gold pieces
 13048 | Lair:4   | Reached skill level 5 in Armour
 13139 | Lair:4   | Noticed Rupert
 13166 | Lair:4   | Killed Rupert
 13625 | Lair:5   | Entered Level 5 of the Lair of Beasts
 13683 | Lair:5   | Found a frozen archway.
 13786 | IceCv    | Entered an ice cave
 14511 | IceCv    | Found an ancient bone altar of Kikubaaqudgha.
 14530 | IceCv    | HP: 3/126 [freezing wraith (9)]
 15217 | Lair:5   | Reached skill level 10 in Armour
 15264 | Lair:5   | Reached XP level 15. HP: 34/132 MP: 23/23
 15734 | Lair:5   | Slain by a spriggan rider

Illustrated notes

Levels and vault maps discovered:
D:1:      wander_arrival_estate, layout_loops_ring,
          chequers_serial_rivers_small_a, minmay_misc_feat_five
D:2:      layout_loops_ring, serial_bayou, serial_bayou_lagoon_b,
          serial_bayou_shore_b, serial_bayou_pond_e, serial_bayou_pond_a,
          serial_bayou_pond_b
D:3:      minmay_octagon_keep, layout_loops_cross, basic_ecumenical_altar,
          minmay_misc_feat_hallway, item_on_display_a, uniq_pargi, uniq_natasha
D:4:      kennysheep_big_flooded_room, layout_cave_pools, serial_shops,
          nicolae_shop_real_fake_doors
D:5:      layout_loops_ring, nemelex_diamond_rough_becter
D:6:      layout_basic, okawaru_metal_pillars_3,
          minmay_temple_entry_glassed_door, serial_shops,
          nicolae_shop_waterfront, nicolae_shop_bloodbath_and_beyond, shop,
          nicolae_book_shop_shelving, shop, cheibrodos_sewer_entry_drain,
          minmay_ruffians, uniq_grinder, uniq_maggie
D:7:      gammafunk_the_bubble [the_bubble_gammafunk_roulette], layout_basic,
          serial_glass, glass_columns_b, glass_columns_c, glass_columns_a,
          glass_columns_c, glass_columns_a, glass_columns_a,
          nicolae_wooded_promenade, uniq_pikel
D:8:      layout_layer_cave, mainiacjoe_overflow_surrounded_room,
          water_maze_lemuel
D:9:      layout_loops_corners, nicolae_overflow_crystal_walls,
          due_lair_maze_entry_diamond, orc_0_dummy, serial_shops,
          nicolae_shop_stone, hangedman_abyss_or_decor_stagger
D:10:     layout_small_grid, wad_rectangle_vault
Temple:   compressed_dpeg_circular_temple
Lair:1:   hellmonk_ruined_rings, layout_regular_city, serial_bayou_shore_a
Lair:2:   layout_cave_pods, dummy_spider_entry, grunt_megastairs_1, uniq_amaemon
Lair:3:   layout_gridlike, skrybe_swamp_entry_bodies, beast_lair_carwin_6
Lair:4:   layout_long_grid, uniq_rupert
Lair:5:   minmay_lair_end_enchanted_forest, layout_layer_cave, slime_entry_1,
          portal_ice_cave_demonic_guard, minivault_11, serial_bayou_shore_b,
          lemuel_fruit_fields, infiniplex_staircase_pool
Orc:1:    layout_caves

Skill      XL: |  1  2  3  4  5  6  7  8  9 10 11 12 13 14 15 |
---------------+----------------------------------------------+-----
Unarmed Combat | 1 2 3 4 5 7 11 13 15 17 | 17.1
Shields        | 1 2 3 |  3.0
Fighting       | 3 4 5 12 | 12.0
Evocations     | 5 |  5.0
Invocations    | 1 8 11 12 | 12.0
Armour         | 10 | 10.0
Dodging        | 2 4 |  4.9
Ranged Weapons | |  1.7
Spellcasting   | |  1.0
Hexes          | |  2.4

Action                     |  1- 3 |  4- 6 |  7- 9 | 10-12 | 13-15 || total
---------------------------+-------+-------+-------+-------+-------++-------
  Melee: Unarmed           |    87 |   189 |   417 |   623 |   691 ||  2007
   Fire: Sling             |    44 |       |       |       |       ||    44
  Throw: Throwing net      |       |     1 |       |       |       ||     1
         Dart              |       |       |    16 |     4 |     8 ||    28
 Invoke: Grand Finale      |       |       |       |       |     1 ||     1
  Evoke: Wand              |       |     5 |     3 |     2 |     2 ||    12
    Use: Potion            |       |     2 |     2 |     1 |     6 ||    11
         Scroll            |       |       |     8 |     5 |    18 ||    31
   Stab: Held in net/web   |       |     1 |       |       |       ||     1
         Paralysed         |       |     9 |       |    33 |    65 ||   107
         Fleeing           |       |       |       |       |     1 ||     1
 Armour: Robe              |    11 |       |       |       |       ||    11
         Ring mail         |    15 |    59 |   129 |       |       ||   203
         Chain mail        |       |       |    60 |    97 |       ||   157
         Scale mail        |       |       |       |   128 |   255 ||   383
  Dodge: Dodged            |    64 |   112 |   200 |   281 |   278 ||   935
         Repelled          |     2 |     1 |     5 |     1 |     1 ||    10
  Block: Buckler           |    12 |    35 |    55 |    85 |   104 ||   291
